 Dungeon Sprint DCSS version 0.16-b1 (webtiles) character file.

5 Medar the Basher (level 6, -2/40 HPs)
             Began as a Gargoyle Gladiator on Mar 10, 2015.
             Was a Believer of Cheibriados.
             Slain by a queen ant (9 damage)
             ... in the Dungeon (Sprint VI: "Thunderdome").
             The game lasted 00:04:40 (199 turns).

Medar the Basher (Gargoyle Gladiator)                Turns: 199, Time: 00:04:40

Health: -2/40      AC:  9    Str: 24    XL:     6   Next: 58%
Magic:  6/6        EV: 12    Int: 13    God:    Cheibriados [**....]
Gold:   15         SH:  0    Dex: 14    Spells: 0 memorised, 5 levels left

rFire  . . .     SeeInvis .     g - +0 great mace
rCold  . . .     Clarity  .     b - +0 leather armour
rNeg   + . .     SustAb   .     (no shield)
rPois  ∞         Gourm    .     c - +0 helmet
rElec  +         Spirit   .     (no cloak)
rCorr  .         Warding  .     (no gloves)
rMut   .         NoTele   +     (no boots)
MR     .....                    (no amulet)
Stlth  +.........               (no ring)
                                (no ring)

@: very slow, not resistant to hostile enchantments, very unstealthy
A: negative energy resistance 1, electricity resistance, unbreathing,
petrification resistance, rot immunity, AC +4
a: Bend Time, Renounce Religion


You were in the Dungeon.
You worshipped Cheibriados.
Cheibriados was pleased with you.
You were not hungry.

You visited 1 branch You collected 210 gold pieces.
You spent 195 gold pieces at shops.

Inventory:

Hand weapons
 a - a +0 flail
 g - a +0 great mace (weapon)
Missiles
 d - 3 throwing nets {=f =F}
Armour
 b - a +0 leather armour (worn)
 c - a +0 helmet (worn)
Magical devices
 l - a wand of cold (5)
 m - a wand of fire (5)
Scrolls
 k - 4 scrolls of blinking
 n - 3 scrolls of fog
Potions
 e - a potion of curing {@q1}
 i - 2 potions of magic
 o - a potion of resistance
Comestibles
 f - a bread ration
 j - 2 chunks of flesh


   Skills:
 + Level 5.1 Fighting
 + Level 12.1 Maces & Flails
 - Level 2.0 Throwing
 + Level 4.5 Armour
 - Level 2.4 Dodging


You had 5 spell levels left.
You didn't know any spells.

Dungeon Overview and Level Annotations

Branches:
Dungeon (1/1)

Altars:
Cheibriados
Dithmenos
Fedhas
Gozag
Kikubaaqudgha
Makhleb
Okawaru
Qazlal
Ru
Sif Muna
Trog
Vehumet
Xom
Yredelemnul
Zin
The Shining One
Jiyva
Lugonu

Shops:
D *[%??*?*:[((!!!!


Innate Abilities, Weirdness & Mutations

You are resistant to torment.
You are immune to poison.
Your stone body is very resilient (AC +4).
You resist negative energy.
You are resistant to electric shocks.
You can survive without breathing.
You are immune to petrification.
You are immune to rotting.


Message History

Okay, then.
Drink which item? (? for menu, Esc to quit)
You can't drink that!
Unknown command.
Drink which item? (? for menu, Esc to quit)
Okay, then.
Use which ability? (? or * to list)
Okay, then.
You hit the worker ant.
The worker ant is moderately wounded.
The worker ant barely misses you.
You bludgeon the worker ant!!
You kill the worker ant!
Cheibriados appreciates the change of pace.
Your Fighting skill increases to level 5!
The queen ant stings you but does no damage.
You sock the queen ant!
The queen ant is lightly wounded.
The queen ant stings you!
You die...

#.....# ##.....## ##∩.....∩##
#∩.......∩# #_......._#
#_........# #........_#
###.†.......###
#⌠..@a.......⌠#
######.8.........8.######
##∩___......###.......__∩##
###∩........8.# #.8........∩#
##.............###............
#⌠..........###...###.........
#⌠..........# #.<.# #.........
#⌠..........###...###.........
##.............###........†...


You could see a queen ant.

Vanquished Creatures
  3 porcupines (D)
  2 worker ants (D)
  A river rat (D)
6 creatures vanquished.

Notes
Turn   | Place    | Note
--------------------------------------------------------------
     0 | D        | Medar, the Gargoyle Gladiator, began the quest for the Orb.
     0 | D        | Reached XP level 1. HP: 12/12 MP: 1/1
     1 | D        | Found a bloodstained altar of Trog.
     2 | D        | Found a shimmering altar of Xom.
     3 | D        | Found a radiant altar of Vehumet.
     3 | D        | Found a blossoming altar of Fedhas.
     4 | D        | Found a viscous altar of Jiyva.
     4 | D        | Found Zugh's Staff Store.
     4 | D        | Found Naunn's Must-Have Magic.
     5 | D        | Found a snail-covered altar of Cheibriados.
     5 | D        | Found Phuat's Magic Scroll Shop.
     5 | D        | Found Roemuyv's Magic Scroll Shop.
     5 | D        | Round 1.
     7 | D        | Noticed a porcupine
     9 | D        | Found a basalt altar of Yredelemnul.
    17 | D        | Killed a porcupine
    17 | D        | Reached skill level 9 in Maces & Flails
    17 | D        | Reached XP level 2. HP: 9/17 MP: 2/2
    17 | D        | Reached XP level 3. HP: 11/21 MP: 3/3
    17 | D        | Reached XP level 4. HP: 13/26 MP: 4/4
    37 | D        | Noticed a porcupine
    39 | D        | Became a worshipper of Cheibriados the Contemplative
    45 | D        | Killed a porcupine
    45 | D        | Reached skill level 11 in Maces & Flails
    45 | D        | Reached XP level 5. HP: 4/30 MP: 5/5
    54 | D        | Found Lysmaps' Distillery.
    55 | D        | Found Shiep's Distillery.
    56 | D        | Found a burning altar of Makhleb.
    56 | D        | Found a glowing golden altar of the Shining One.
    57 | D        | Found a sacrificial altar of Ru.
    58 | D        | Found Skodur's Bottled Wisdom.
    58 | D        | Found Tatt's Do-It-Yourself Clinic.
    77 | D        | Found a shadowy altar of Dithmenos.
    77 | D        | Found an opulent altar of Gozag.
    77 | D        | Found Oggaosy's Weapon Rack.
    77 | D        | Found Seirr's Basic Armour.
    78 | D        | Found a glowing silver altar of Zin.
    78 | D        | Noticed Purgy
    91 | D        | Noticed a porcupine
   106 | D        | Killed a porcupine
   106 | D        | Acquired Cheibriados' first power
   106 | D        | Reached XP level 6. HP: 24/39 MP: 6/6
   132 | D        | Arena points: 5 (+5) [x1]
   143 | D        | Round 2.
   144 | D        | Found a stormy altar of Qazlal.
   144 | D        | Found Threidor's Premium Goods.
   144 | D        | Found Pat Uwn's Miscellaneous Merchandise.
   149 | D        | Bought a +0 great mace for 195 gold pieces
   162 | D        | Found an iron altar of Okawaru.
   163 | D        | Found an ancient bone altar of Kikubaaqudgha.
   163 | D        | Found Dimeola's Identification Station.
   164 | D        | Found Ocvigas' Advanced Armour.
   165 | D        | Found a deep blue altar of Sif Muna.
   165 | D        | Found a corrupted altar of Lugonu.
   166 | D        | Found Erphunk's Jewellery.
   166 | D        | Found Gristrau's Bee Food.
   183 | D        | Reached skill level 12 in Maces & Flails
   185 | D        | Noticed a queen ant
   198 | D        | Reached skill level 5 in Fighting
   199 | D        | Slain by a queen ant

Action                   |  1- 3 |  4- 6 || total
-------------------------+-------+-------++-------
Melee: Flail             |     6 |    47 ||    53
       Great mace        |       |    11 ||    11
  Use: Potion            |     1 |     4 ||     5
